 Dungeon Crawl Stone Soup version 0.28-a0-991-g956f0ee3d5 (webtiles) character file.

Game seed: 10765357643779312868

474 DrunkBamboolord the Poker (level 7, -1/44 (46) HPs)
             Began as an Octopode Gladiator on Dec 5, 2021.
             Slain by a wight (10 damage)
             ... on level 4 of the Dungeon.
             The game lasted 00:08:16 (4156 turns).

DrunkBamboolord the Poker (Octopode Gladiator)      Turns: 4156, Time: 00:08:17

HP:   -1/44 (46)    AC:  1    Str: 15    XL:     7   Next: 10%
MP:   0/7           EV: 14    Int: 10    God:
Gold: 124           SH:  0    Dex: 14    Spells: 6/6 levels left

rFire   . . .      SeeInvis .   a - +0 trident
rCold   . . .      Faith    .   (no shield)
rNeg    . . .      Spirit   +   b - +0 hat
rPois   .          Reflect  .   e - amulet of guardian spirit
rElec   .          Harm     .   f - ring of wizardry
rCorr   .          Rampage  .   (no ring)
Will    .....                   (no ring)
Stlth   ++++......              (no ring)
HPRegen 0.14/turn               (no ring)
MPRegen 0.10/turn               (no ring)
                                (no ring)
                                (no ring)

@: lightly drained
A: almost no armour, amphibious, 8 rings, camouflage 1, gelatinous body 1,
(nimble swimmer 1), tentacles
a: no special abilities


You were on level 4 of the Dungeon.
You visited 1 branch of the dungeon, and saw 4 of its levels.

You collected 124 gold pieces.

Inventory:

Hand Weapons
 a - a +0 trident (weapon)
Missiles
 c - 3 throwing nets (quivered)
 i - 17 poisoned darts
Armour
 b - a +0 hat (worn)
Jewellery
 e - an amulet of guardian spirit (around mantle)
 f - a ring of wizardry (left tentacle)
Scrolls
 h - a scroll of magic mapping
Potions
 d - a potion of lignification
 g - 2 potions of might
 k - a potion of attraction {unknown}
 m - a potion of brilliance {unknown}
 n - a potion of flight {unknown}
 p - a potion of haste {unknown}
 q - a potion of curing {unknown}


   Skills:
 * Level 3.4 Fighting
 * Level 5.8 Polearms
 - Level 2.1 Throwing
 * Level 4.1 Dodging
 + Level 4.1 Stealth


You had 6 spell levels left.
You didn't know any spells.
Your spell library contained the following spells:

 Spells                   Type           Power      Damage    Failure   Level
 Magic Dart               Conj           0%         1d3       16%         1
 Call Imp                 Summ           0%         N/A       22%         2
 Mephitic Cloud           Conj/Pois/Air  0%         N/A       41%         3


Dungeon Overview and Level Annotations

Branches:
Dungeon (4/15)
 Temple: D:4-7

Altars:
Makhleb
Nemelex Xobeh
Zin


Innate Abilities, Weirdness & Mutations

You cannot wear most types of armour.
You are amphibious.
You can wear up to eight rings at the same time.
Your skin changes colour to match your surroundings (Stealth+).
Your rubbery body absorbs attacks. (AC +1, EV +1)
((You are camouflaged near water. (Stealth+)))
You have tentacles for arms and can constrict up to eight enemies at once.


Message History

You constrict the scorpion. The scorpion closely misses you.
You completely miss the scorpion.
The scorpion is moderately wounded.
You constrict the scorpion. The scorpion misses you.
You hit the scorpion but do no damage.
The scorpion is moderately wounded.
You constrict the scorpion. The scorpion closely misses you.
You hit the scorpion. You squeeze the scorpion.
The scorpion is almost dead.
You constrict the scorpion. The scorpion stings you!
You hit the scorpion.
The scorpion is almost dead.
You constrict the scorpion.
You kill the scorpion!
Your Stealth skill increases to level 4!
You have reached level 7!
Unknown command.
As you read the scroll labelled YLAGOA OSTREGEH, it crumbles to dust.
The air around you briefly surges with heat, but it dissipates.
It was a scroll of immolation.
A wight comes into view. It is wielding a +2 falchion.
The wight barely misses you.
You reach to attack!
You hit the wight but do no damage. The wight closely misses you.
You reach to attack!
You hit the wight.
The wight is lightly damaged.
The wight hits you from afar with a +4 trident of freezing!
The wight freezes you.
You reach to attack!
You hit the wight but do no damage.
The wight is lightly damaged.
The wight closely misses you.
You reach to attack!
You hit the wight but do no damage.
The wight is lightly damaged.
The wight hits you from afar with a +4 trident of freezing!
You feel drained.
* * * LOW HITPOINT WARNING * * *
The wight freezes you.
* * * LOW HITPOINT WARNING * * *
The wight hits you from afar with a +4 trident of freezing!
You die...

#.'#.#.#'.##.###.#
#.# ###.
###..#..###..#
#.###.## #.
....###.....##
#.##...###### #.
.##.....#####
#....#......######
..>.....#
#.##...####.......
###.##### #.###.##
######## #.#
##.###.# #.#
##...##.#
#.##########..@..#..
#.........[[.....##.
############..z..#
.# ##...## .# ##.##
.# #z# #.# ..# ...


You could see 2 wights.

Vanquished Creatures
  2 scorpions (D:4)
  3 wights (D:4)
  A hound (D:4)
  A bullfrog skeleton (D:4)
  A centaur skeleton (D:4)
  2 gnolls
  6 adders
  2 worms (D:3)
  2 dart slugs (D:2)
  3 orcs (D:3)
  4 endoplasms
  3 giant cockroaches
  7 goblins
  4 hobgoblins
  4 jackals (D:2)
  7 kobolds
  4 quokkas
  4 ball pythons
  2 bats
  4 frilled lizards
  4 rats
70 creatures vanquished.

Vanquished Creatures (others)
  8 plants (D:2)
8 creatures vanquished.

Grand Total: 78 creatures vanquished

Notes
Turn   | Place    | Note
-------+----------+-------------------------------------------
     0 | D:1      | DrunkBamboolord the Octopode Gladiator began the quest for
                  | the Orb.
     0 | D:1      | Reached XP level 1. HP: 14/14 MP: 1/1
    95 | D:1      | Reached XP level 2. HP: 9/19 MP: 2/2
   860 | D:2      | Found a faded altar of an unknown god.
   867 | D:2      | Reached skill level 1 in Stealth
   898 | D:2      | Reached XP level 3. HP: 24/24 MP: 3/3
  1318 | D:1      | Reached XP level 4. HP: 13/30 MP: 4/4
  1912 | D:2      | Reached skill level 4 in Polearms
  2827 | D:3      | Reached XP level 5. HP: 34/35 MP: 5/5
  3063 | D:3      | Found a glowing silver altar of Zin.
  3441 | D:4      | Reached XP level 6. HP: 36/42 MP: 6/6
  3460 | D:4      | Reached skill level 5 in Polearms
  3461 | D:4      | Found a burning altar of Makhleb.
  3758 | D:4      | Found a sparkling altar of Nemelex Xobeh.
  4136 | D:4      | Reached XP level 7. HP: 38/46 MP: 4/7
  4156 | D:4      | Slain by a wight

Illustrated notes

Levels and vault maps discovered:
D:1:      nzn_arrival_settlement, layout_rooms, fountainhead, dk_noncrumbling_3
D:2:      layout_basic, nicolae_ecumenical_pavilion, serial_bayou_pond_c
D:3:      layout_basic, zin_academy, amcnicky_mini_rare_corridor_liquid
D:4:      layout_loops_ring, nemelex_spade_bored_becter,
          mainiacjoe_overflow_small_starburst

Skill      XL: |  1  2  3  4  5  6 |
---------------+-------------------+-----
Stealth        | 1 2 3 4 |  4.1
Polearms       | 4 5 |  5.8
Fighting       | 3 |  3.4
Dodging        | 4 |  4.1
Throwing       | |  2.1

Action                   |  1- 3 |  4- 6 |  7- 9 || total
-------------------------+-------+-------+-------++-------
Melee: Trident           |    70 |    97 |     4 ||   171
       Constrict         |    19 |    16 |       ||    35
       Tentacles         |     7 |    13 |       ||    20
  Use: Scroll            |     3 |     4 |     1 ||     8
       Potion            |     1 |       |       ||     1
 Stab: Sleeping          |     5 |    10 |       ||    15
Armor: Skin              |     1 |     3 |       ||     4
Dodge: Dodged            |    38 |    53 |     3 ||    94

Table legend: (Time is in decaauts)
 A = Elapsed time spent in this place.
 B = Non-inter-level travel time spent in this place.
 C = Inter-level travel time spent in this place.
 D = Time resting spent in this place.
 E = Time spent auto-exploring this place.
 F = Levels seen in this place.
 G = Mean time per level.
                   A        B        C        D        E       F      G
               +--------+--------+--------+--------+--------+-----+--------+
         Total |   4175 |   4027 |    148 |    921 |   2379 |   4 | 1043.8 |
       Dungeon |   4175 |   4027 |    148 |    921 |   2379 |   4 | 1043.8 |
               +--------+--------+--------+--------+--------+-----+--------+

Top non-repeatable levels by time:
     D:2: 1582 daAuts
     D:1: 1071 daAuts
     D:3: 851 daAuts
     D:4: 670 daAuts
